 Dungeon Crawl Stone Soup version 0.30.0-16-gbe6223bb7e (webtiles) character file.

Game seed: 9610816298352227018

2 bmack86 the Grave Robber (level 1, -2/14 HPs)
             Began as a Ghoul Necromancer on May 20, 2023.
             Slain by a frilled lizard (3 damage)
             ... on level 1 of the Dungeon.
             The game lasted 00:01:25 (148 turns).

bmack86 the Grave Robber (Ghoul Necromancer)         Turns: 148, Time: 00:01:27

Health: -2/14      AC:  3    Str:  8 (11) XL:     1   Next: 30%
Magic:  2/2        EV:  8    Int:  8 (10) God:
Gold:   17         SH:  0    Dex:  8 (9)  Spells: 2/3 levels left

rFire   . . .        (no weapon)
rCold   + . .        (no shield)
rNeg    + + +        a - +0 robe
rPois   ∞            d - +0 hat
rElec   .            (no cloak)
rCorr   .            (no gloves)
SInv    +            c - +0 pair of boots
Will    .....        (no amulet)
Stlth   ++           f - ring of see invisible
HPRegen 0.00/turn    (no ring)
MPRegen 0.08/turn

%: no passive effects
@: inhibited regen, constricted
A: claws 1, cold resistance 1, negative energy resistance 3, inhibited
regeneration, torment resistance 2, devour on kill
a: no special abilities


You were on level 1 of the Dungeon.
You visited 1 branch of the dungeon, and saw 1 of its levels.

You collected 17 gold pieces.

Inventory:

Missiles
 h - a throwing net
Armour
 a - a +0 robe (worn)
 c - a +0 pair of boots (worn)
 d - a +0 hat (worn)
Jewellery
 f - a ring of see invisible (left claw)
Scrolls
 g - a scroll of vulnerability {unknown}
Potions
 b - a potion of magic


   Skills:
 + Level 1.8 Dodging
 + Level 2.2 Stealth
 * Level 1.8 Spellcasting
 + Level 4.0 Necromancy


You had 2 spell levels left.
You knew the following spells:

 Your Spells              Type           Power      Damage    Failure   Level
a - Necrotise             Necr           28%        1d5       7%          1

Your spell library contained the following spells:

 Spells                   Type           Power      Damage    Failure   Level
 Vampiric Draining        Necr           7%         2d6       22%         3
 Animate Dead             Necr           7%         N/A       56%         4
 Agony                    Necr           7%         N/A       89%         5


Dungeon Overview and Level Annotations

Branches:
Dungeon (1/15)

Altars:


Innate Abilities, Weirdness & Mutations

You are immune to poison.
You have sharp fingernails.
Your flesh is cold resistant. (rC+)
You are immune to negative energy. (rN+++)
You do not regenerate when monsters are visible.
You are immune to unholy pain and torment.
You thrive by killing the living.


Message History

You closely miss the rat. The rat bites you.
The frilled lizard hisses angrily.
You scratch the rat but do no damage.
The rat twitches its whiskers.
The rat bites you but does no damage. The ball python misses you.
The ball python grabs you. The ball python constricts you.
You scratch the rat but do no damage. The ball python closely misses you.
The ball python constricts you. The rat closely misses you.
You scratch the rat but do no damage.
The ball python bites you but does no damage.
The ball python constricts you. The rat bites you.
You scratch the rat.
The rat is heavily wounded.
The ball python bites you but does no damage.
The ball python constricts you. The rat bites you but does no damage.
The ball python bites you but does no damage.
The ball python constricts you.
You barely miss the rat.
The rat is heavily wounded.
The rat bites you.
The ball python bites you but does no damage.
The ball python constricts you.
You closely miss the rat.
The rat is heavily wounded.
The rat bites you.
* * * LOW HITPOINT WARNING * * *
The ball python bites you.
* * * LOW HITPOINT WARNING * * *
The ball python constricts you.
You miss the frilled lizard.
The ball python bites you but does no damage.
The ball python constricts you. The frilled lizard barely misses you.
The rat barely misses you.
It was a potion of degeneration.
There was something very wrong with that liquid.
You feel weakened.
You feel dopey.
You feel clumsy.
The ball python bites you but does no damage.
The ball python constricts you. The rat bites you but does no damage.
The frilled lizard bites you.
You die...

#.# .... ##.# ....
... ... ###.###..
#....?.# ## #......#
.. #...S..# #
#.r@l..# # #......#
#......#############
#.......(...........
#......############.
#......# ## #......#
########


You could see a ball python, a frilled lizard and a rat.

Vanquished Creatures
  An endoplasm (D:1)
  A rat (D:1)
2 creatures vanquished.

Notes
Turn   | Place    | Note
-------+----------+-------------------------------------------
     0 | D:1      | bmack86 the Ghoul Necromancer began the quest for the Orb.
     0 | D:1      | Reached XP level 1. HP: 14/14 MP: 2/2
   148 | D:1      | Slain by a frilled lizard

Illustrated notes

Levels and vault maps discovered:
D:1:      evilmike_arrival_hilbert_curve, layout_rooms

Action                     || total
---------------------------++-------
  Melee: Unarmed           ||    11
   Cast: Necrotise         ||     2
    Use: Potion            ||     1
 Armour: Robe              ||    10
  Dodge: Dodged            ||     7
